 Dungeon Crawl Stone Soup version 0.24.0-124-g2791043dd8 (webtiles) character file.

Game seed: 2388075618234496637, levelgen mode: deterministic

2738 H0rd4k the Slasher (level 10, -5/74 HPs)
             Began as a Human Artificer on Feb 13, 2020.
             Slain by a komodo dragon (22 damage)
             ... on level 8 of the Dungeon on Feb 14, 2020.
             The game lasted 00:26:15 (9993 turns).

H0rd4k the Slasher (Human Artificer)                Turns: 9993, Time: 00:26:15

Health: -5/74      AC: 10    Str: 14    XL:     10   Next: 0%
Magic:  13/13      EV: 20    Int: 12    God:
Gold:   271        SH:  0    Dex: 15    Spells: 2/9 levels left

rFire    . . .     SeeInvis +   c - +1 falchion (flame)
rCold    . . .     Gourm    .   (no shield)
rNeg     . . .     Faith    .   C - +4 ring mail
rPois    .         Spirit   .   (no helmet)
rElec    .         Reflect  .   (no cloak)
rCorr    .         Harm     .   (no gloves)
MR       .....                  (no boots)
Stlth    ++........             (no amulet)
HPRegen  0.22/turn              d - ring of see invisible
MPRegen  0.13/turn              o - +6 ring of evasion

@: no status effects
A: no striking features
a: no special abilities


You were on level 8 of the Dungeon.
You were near starving.

You visited 1 branch of the dungeon, and saw 8 of its levels.

You collected 271 gold pieces.

Inventory:

Hand Weapons
 c - a +1 falchion of flaming (weapon)
 j - a +0 mace of holy wrath
 s - a +0 dagger of electrocution
 B - a +4 quarterstaff of crushing
 F - a +1 short sword of draining
Missiles
 l - 6 atropa-tipped darts
 u - 24 poisoned darts (quivered)
Armour
 i - a +2 buckler
 C - a +4 ring mail (worn)
Magical Staves
 q - an uncursed staff of fire
 J - an uncursed staff of death
Jewellery
 d - a ring of see invisible (left hand)
 k - an uncursed ring of wizardry
 n - an uncursed ring of fire
 o - a +6 ring of evasion (right hand)
Wands
 e - a wand of random effects (15)
 G - a wand of iceblast (6)
 L - a wand of flame (3)
Scrolls
 g - 4 scrolls of teleportation
 h - 11 scrolls of identify
 r - 2 scrolls of immolation
 E - 2 scrolls of enchant armour
 H - a scroll of remove curse
Potions
 b - a potion of curing
 m - a potion of invisibility {unknown}
 p - a potion of degeneration {unknown}
 t - 4 potions of might
 v - 2 potions of ambrosia {unknown}
 w - 2 potions of haste {unknown}
 x - 3 potions of heal wounds {unknown}
 z - 2 potions of mutation {unknown}
 A - 2 potions of brilliance {unknown}
 K - a potion of flight {unknown}
Comestibles
 f - 15 rations


   Skills:
 + Level 5.1 Fighting
 - Level 3.6(5.4) Short Blades
 - Level 6.1(6.6) Long Blades
 + Level 2.0 Throwing
 - Level 4.9 Armour
 + Level 5.6 Dodging
 + Level 3.7 Stealth
 - Level 1.1 Shields
 * Level 0.2 Translocations
 + Level 4.6 Evocations


You had 2 spell levels left.
You knew the following spells:

 Your Spells              Type           Power        Failure   Level  Hunger
a - Blink                 Tloc           N/A          65%         2    ###....
b - Beastly Appendage     Tmut           #.....       54%         1    ##.....
c - Infusion              Chrm           #...         54%         1    ##.....
d - Conjure Flame         Conj/Fire      #.......     88%         3    ####...

Your spell library contained the following spells:

 Spells                   Type           Power        Failure   Level  Hunger
 Magic Dart               Conj           #...         54%         1    ##.....
 Summon Small Mammal      Summ           #...         54%         1    ##.....
 Call Imp                 Summ           #.......     67%         2    ###....
 Shroud of Golubria       Chrm/Tloc      #.....       67%         2    ###....
 Slow                     Hex            #.......     67%         2    ###....
 Song of Slaying          Chrm           #.......     67%         2    ###....
 Sticks to Snakes         Tmut           #.......     67%         2    ###....
 Call Canine Familiar     Summ           #.......     88%         3    ####...
 Mephitic Cloud           Conj/Pois/Air  #.......     88%         3    ####...
 Regeneration             Chrm/Necr      #.........   88%         3    ####...
 Spectral Weapon          Hex/Chrm       #.......     88%         3    ####...
 Spider Form              Tmut/Pois      #.........   88%         3    ####...
 Summon Guardian Golem    Hex/Summ       #.......     88%         3    ####...
 Ice Form                 Ice/Tmut       #.......     99%         4    #####..
 Summon Ice Beast         Ice/Summ       #.......     99%         4    #####..
 Summon Lightning Spire   Summ/Air       #.......     99%         4    #####..
 Blade Hands              Tmut           #.........   100%        5    ######.


Dungeon Overview and Level Annotations

Branches:
Dungeon (8/15)             Temple (0/1) D:4            Lair (0/6) D:8

Altars:
Dithmenos
Okawaru
Sif Muna
Uskayaw
Xom
Yredelemnul
Zin

Annotations:
D:4 exclusions: 2 downstairs and upstairs
D:5 exclusion: 2 downstairs, Edmund
D:7 Harold


Message History

The hippogriff screeches!
Found a ration.
Found 10 gold pieces.
Evoke which item? (* to show all) (? for menu, Esc to quit)
Aiming: Throw Flame
Press: ? - help, Shift-Dir - straight line, f/p - komodo dragon
Aim: a komodo dragon (almost dead)
The puff of flame hits the komodo dragon.
The komodo dragon is almost dead.
The komodo dragon completely misses you.
You riposte.
You hit the komodo dragon but do no damage.
The komodo dragon is almost dead.
Evoke which item? (* to show all) (? for menu, Esc to quit)
Aiming: Throw Flame
Press: ? - help, Shift-Dir - straight line, f/p - komodo dragon
Aim: a komodo dragon (almost dead)
The puff of flame misses the komodo dragon.
The komodo dragon bites you!!
You die...

### ### #.# #.# #.# #.# #.#
#.# # ### #.# #.# #.###.#%#
#.# #.. .$....#.####.####
#.. .........l@.....# #..
.#.#.#.####.##.#########..
.#.#.#.####.#..........#..
....................###.#..
#.#.#.#.##.#.#...##.###.#..
..........##.###........
.H.......................
.....................>###..
...........................


You could see a komodo dragon.

Vanquished Creatures
  Pikel (D:6)
  Prince Ribbit (D:6)
  Duvessa (D:7)
  Purgy (D:3)
  An ice beast (D:6)
  A slave (D:6)
  A phantom (D:6)
  A black bear (D:5)
  2 ogres
  3 bullfrogs
  Dowan (D:7)
  A scorpion (D:7)
  A water moccasin skeleton (D:3)
  2 howler monkeys (D:6)
  A bullfrog zombie (D:6)
  3 crimson imps (D:6)
  3 orc priests
  A quasit (D:5)
  A bullfrog skeleton (D:5)
  A hound (D:7)
  3 jellies
  A gnoll (D:2)
  Natasha (thrice) (D:3)
  3 iguanas
  7 orc wizards
  Terence (D:3)
  2 worker ants
  A hound skeleton (D:6)
  5 adders
  2 oozes (D:1)
  An adder zombie (D:7)
  2 adder skeletons
  A dart slug (D:4)
  2 worms
  6 leopard geckos
  19 orcs
  6 bats
  8 giant cockroaches
  7 goblins
  8 hobgoblins
  9 jackals
  6 kobolds
  A ball python (D:1)
  6 frilled lizards
  A quokka zombie (D:6)
  12 rats
151 creatures vanquished.

Vanquished Creatures (collateral kills)
  A gnoll (D:2)
  2 adders (D:2)
  2 worms
  A leopard gecko (D:2)
  3 orcs
  3 giant cockroaches
  3 jackals (D:2)
  3 kobolds
18 creatures vanquished.

Vanquished Creatures (others)
  A slave (D:6)
  3 orc priests
  3 orc wizards (D:3)
  A howler monkey zombie (D:6)
  A gnoll (D:2)
  2 orcs
  7 fungi (D:4)
  2 plants (D:8)
20 creatures vanquished.

Grand Total: 189 creatures vanquished

Notes
Turn   | Place    | Note
-------+----------+-------------------------------------------
     0 | D:1      | H0rd4k the Human Artificer began the quest for the Orb.
     0 | D:1      | Reached XP level 1. HP: 15/15 MP: 3/3
     1 | D:1      | Found a runed translucent door.
    60 | D:1      | Reached XP level 2. HP: 18/21 MP: 4/4
   636 | D:1      | Reached XP level 3. HP: 18/26 MP: 5/5
  1120 | D:2      | Reached XP level 4. HP: 32/32 MP: 6/6
  1171 | D:2      | Found a faded altar of an unknown god.
  1820 | D:1      | Reached XP level 5. HP: 24/38 MP: 7/7
  2318 | D:3      | Reached skill level 1 in Armour
  2329 | D:4      | Found a shimmering blue altar of Sif Muna.
  2369 | D:4      | Found a hide-covered altar of Uskayaw.
  2415 | D:4      | Found a staircase to the Ecumenical Temple.
  2438 | D:4      | Reached skill level 1 in Shields
  2714 | D:3      | Reached XP level 6. HP: 26/44 MP: 8/8
  3016 | D:3      | Noticed Purgy
  3045 | D:3      | Noticed Terence
  3061 | D:3      | Killed Terence
  3592 | D:4      | Found a glowing silver altar of Zin.
  3594 | D:4      | Found a shimmering altar of Xom.
  3596 | D:4      | Found a basalt altar of Yredelemnul.
  3827 | D:3      | Killed Purgy
  3827 | D:3      | Reached XP level 7. HP: 42/52 MP: 9/9
  3892 | D:3      | Noticed Natasha
  3896 | D:3      | Killed Natasha
  4341 | D:3      | Noticed Natasha
  4353 | D:3      | Killed Natasha
  4437 | D:3      | Noticed Natasha
  4455 | D:3      | Killed Natasha
  4615 | D:5      | Entered Level 5 of the Dungeon
  4906 | D:5      | Found a shadowy altar of Dithmenos.
  5627 | D:5      | Reached skill level 1 in Long Blades
  5630 | D:5      | Reached XP level 8. HP: 35/58 MP: 11/11
  5644 | D:5      | Reached skill level 1 in Throwing
  5859 | D:4      | HP: 2/58 [something (2)]
  6554 | D:4      | Learned a level 2 spell: Blink
  6633 | D:5      | Reached skill level 2 in Long Blades
  6899 | D:5      | Found an iron altar of Okawaru.
  7286 | D:6      | Noticed Edmund
  7332 | D:5      | Reached skill level 3 in Long Blades
  7831 | D:6      | Reached XP level 9. HP: 51/65 MP: 12/12
  8054 | D:6      | Noticed Prince Ribbit
  8255 | D:6      | Reached skill level 4 in Long Blades
  8380 | D:6      | Reached skill level 5 in Dodging
  8465 | D:6      | Noticed Pikel
  8554 | D:6      | Killed Pikel
  8554 | D:6      | Reached skill level 5 in Long Blades
  8647 | D:6      | Killed Prince Ribbit
  9327 | D:7      | Reached skill level 5 in Fighting
  9339 | D:7      | Noticed Dowan
  9339 | D:7      | Noticed Duvessa
  9362 | D:7      | Killed Duvessa
  9362 | D:7      | Reached skill level 6 in Long Blades
  9369 | D:7      | Killed Dowan
  9529 | D:7      | Noticed Harold
  9699 | D:8      | Upgraded the game from 0.24.0-123-gd5b16e6ec5 to
                  | 0.24.0-124-g2791043dd8
  9861 | D:8      | Identified a scroll of acquirement
  9870 | D:8      | Learned a level 1 spell: Beastly Appendage
  9872 | D:8      | Learned a level 1 spell: Infusion
  9876 | D:8      | Learned a level 3 spell: Conjure Flame
  9939 | D:8      | Found a staircase to the Lair.
  9939 | D:8      | Noticed a komodo dragon
  9949 | D:8      | Reached XP level 10. HP: 74/74 MP: 13/13
  9993 | D:8      | Slain by a komodo dragon

Levels and vault maps discovered:
D:1:      dpeg_arrival_caged_fury, layout_basic, minmay_misc_feat_nine_boxes
D:2:      layout_rooms, chequers_ecumenical_altar_simple_redux
D:3:      layout_loops_ring, uniq_terence, uniq_purgy, uniq_natasha
D:4:      layout_rooms, eat_drink_and_be_merry_uskayaw, minitemple,
          minmay_temple_entry_tees, serial_aquarium,
          aquarium_bridge_island_small [aquarium_subvault_small_open,
          aquarium_subvault_balcony, aquarium_subvault_bridge,
          aquarium_subvault_wall, aquarium_subvault_wall], aquarium_window_2,
          aquarium_window_fake, aquarium_view_2a, aquarium_view_2e,
          aquarium_balcony_3b
D:5:      layout_cave_pools, kennysheep_mini, first_ration,
          hangedman_decor_clover_reticule, minmay_misc_feat_doors,
          grunt_dithmenos_smoke
D:6:      layout_cave_pools, minmay_misc_feat_ornament, uniq_pikel,
          uniq_prince_ribbit1, uniq_edmund
D:7:      layout_basic, uniq_harold, uniq_duvessa
D:8:      layout_basic, marbit_many_paths, david_lair_shrubbed, special_room
          [special_room_kobold], hangedman_tree_tricks

Skill      XL: |  1  2  3  4  5  6  7  8  9 |
---------------+----------------------------+-----
Short Blades   | 2 3 |  3.6
Stealth        | 2 3 |  3.7
Armour         | 1 2 4 |  4.9
Dodging        | 3 4 5 |  5.6
Shields        | 1 |  1.1
Fighting       | 3 4 5 |  5.1
Evocations     | 4 |  4.6
Long Blades    | 1 3 6 |  6.1
Throwing       | 1 2 |  2.0
Translocations | |  0.2

Action                   |  1- 3 |  4- 6 |  7- 9 | 10-12 || total
-------------------------+-------+-------+-------+-------++-------
Melee: Short sword       |    97 |   171 |       |       ||   268
       Dagger            |       |    76 |    39 |       ||   115
       Falchion          |       |       |   558 |     8 ||   566
Throw: Dart              |       |       |    25 |       ||    25
Evoke: Wand              |     2 |    26 |    27 |     7 ||    62
  Use: Potion            |       |       |     4 |       ||     4
       Scroll            |       |       |    17 |       ||    17
 Stab: Sleeping          |     3 |     5 |     4 |       ||    12
       Betrayed ally     |       |       |     1 |       ||     1
       Confused          |       |       |     2 |       ||     2
  Eat: Chunk             |       |     6 |     9 |       ||    15
       Ration            |       |     1 |     3 |       ||     4
Armor: Leather armour    |    30 |    52 |    29 |       ||   111
       Ring mail         |       |       |   164 |     1 ||   165
Dodge: Dodged            |    68 |   169 |   564 |     3 ||   804
Block: Buckler           |       |    25 |       |       ||    25
       Rpst.: Falchion   |       |       |   156 |     1 ||   157
